 Dungeon Crawl Stone Soup version 0.29-a0-2-g12fcac58f8 (webtiles) character file.

Game seed: 5059851124153478595

6150 HallandMoats the Grappler (level 10, -2/90 HPs)
             Began as a Ghoul Monk on Jan 27, 2022.
             Was a Follower of Ru.
             Slain by Grum (12 damage)
             ... on level 9 of the Dungeon.
             The game lasted 00:14:12 (10228 turns).

HallandMoats the Grappler (Ghoul Monk)             Turns: 10228, Time: 00:14:12

Health: -2/90      AC: 17    Str: 18    XL:     10   Next: 90%
Magic:  14/14      EV: 13    Int:  5    God:    Ru [*.....]
Gold:   508        SH:  5    Dex: 13    Spells: 9/9 levels left

rFire   . . .      SeeInvis .     - Unarmed
rCold   + . .      Faith    .   (no shield)
rNeg    + + +      Spirit   .   n - +2 chain mail {rPois}
rPois   ∞          Reflect  +   m - +2 helmet
rElec   .          Harm     +   c - scarf {harm}
rCorr   .          Rampage  .   (no gloves)
Will    .....                   j - +1 pair of boots
Stlth   ..........              r - amulet of reflection
HPRegen 0.00/turn               f - ring of flight
MPRegen 0.14/turn               g - +4 ring of evasion

@: flying, inhibited regen
A: claws 1, cold resistance 1, negative energy resistance 3, inhibited
regeneration, torment resistance 2, unskilled 1
a: Renounce Religion


You were on level 9 of the Dungeon.
You worshipped Ru.
Ru was aware of your devotion.
You visited 1 branch of the dungeon, and saw 9 of its levels.

You collected 508 gold pieces.

Inventory:

Armour
 c - a scarf of harm (worn)
 j - a +1 pair of boots (worn)
 m - a +2 helmet (worn)
 n - a +2 chain mail of poison resistance (worn)
 q - a +0 buckler
Jewellery
 f - a ring of flight (left claw)
 g - a +4 ring of evasion (right claw)
 p - a +6 ring of intelligence
 r - an amulet of reflection (around neck)
 s - a ring of ice
Wands
 a - a wand of digging (2)
 d - a wand of flame (43)
 h - a wand of iceblast (9)
 i - a wand of paralysis (8)
Scrolls
 b - 2 scrolls of immolation
 e - 5 scrolls of identify
 k - 2 scrolls of fear {unknown}
 l - a scroll of blinking
 t - a scroll of fog {unknown}
 u - a scroll of brand weapon {unknown}
Potions
 o - a potion of curing {unknown}
 v - a potion of heal wounds


   Skills:
 * Level 8.7 Fighting
 + Level 4.4 Armour
 + Level 5.2 Dodging
 - Level 2.0 Stealth
 * Level 8.8 Unarmed Combat
 * Level 7.9 Invocations


You had 9 spell levels left.
You didn't know any spells.
Your spell library contained the following spells:

 Spells                   Type           Power      Damage    Failure   Level
 Pain                     Necr           0%         1d4       100%        1
 Ensorcelled Hibernation  Hex/Ice        0%         N/A       100%        2
 Anguish                  Hex/Necr       0%         N/A       100%        4
 Agony                    Necr           0%         N/A       100%        5
 Excruciating Wounds      Necr           0%         N/A       100%        5
 Spider Form              Tmut/Pois      Unusable   N/A       N/A         3

Dungeon Overview and Level Annotations

Branches:
Dungeon (9/15)             Temple (0/1) D:5            Lair (0/6) D:8
    Orc: D:9-12

Altars:
Elyvilon
Ru
Wu Jian

Shops:
D:2 !

Annotations:
D:9 Grum


Innate Abilities, Weirdness & Mutations

You thrive by killing the living.
You are immune to poison.
You have sharp fingernails.
Your flesh is cold resistant. (rC+)
You are immune to negative energy. (rN+++)
You do not regenerate when monsters are visible.
You are immune to unholy pain and torment.
You are somewhat unskilled. (-1 Apt)


Message History

Grum closely misses you.
You scratch Grum but do no damage.
Grum is severely wounded.
Grum completely misses you.
You scratch Grum.
Grum is severely wounded.
Grum drinks a potion.
Grum is healed!
You scratch Grum but do no damage. You scratch Grum but do no damage.
Grum closely misses you.
You scratch Grum.
Grum is lightly wounded.
You block Grum's attack.
You scratch Grum.
Grum is lightly wounded.
Grum lets out an intimidating howl.
Grum hits you but does no damage.
You scratch Grum.
Grum is moderately wounded.
Grum misses you.
You barely miss Grum.
Grum is moderately wounded.
Grum barely misses you.
You scratch Grum but do no damage.
Grum is moderately wounded.
You block Grum's attack.
You closely miss Grum.
Grum is moderately wounded.
You closely miss Grum.
Grum is moderately wounded.
You block Grum's attack.
You scratch Grum but do no damage.
Grum is moderately wounded.
Grum closely misses you.
You scratch Grum.
Grum is heavily wounded.
Grum barely misses you.
You scratch Grum.
Grum is severely wounded.
Grum hits you with a -2 glaive of protection!
You die...

..#......................
..#......................
..#..>..>................
.........................
.........................
.........................
#################...#####
...........# .......@†..#
......g.#### .........
.......... ........###
##....... #.......
#......#


You could see Grum.

Vanquished Creatures
  3 centaur zombies (D:7)
  Sigmund (D:3)
  A steam dragon (D:9)
  Edmund (D:4)
  2 wargs (D:7)
  An ice beast (D:7)
  3 orc warriors
  2 sky beasts
  2 wolves (D:9)
  A necrophage (D:4)
  2 ogres (D:5)
  3 centaurs
  A phantom (D:4)
  2 bullfrogs
  Blork the orc (D:5)
  A gnoll sergeant (D:7)
  4 scorpions
  A water moccasin zombie (D:7)
  12 wights
  2 electric eels (D:8)
  A howler monkey (D:8)
  A bullfrog zombie (D:6)
  3 hounds
  6 orc priests
  A bullfrog skeleton (D:6)
  5 centaur skeletons
  4 iguanas
  10 orc wizards
  Natasha (thrice) (D:3)
  A howler monkey zombie (D:5)
  5 gnolls (D:7)
  7 adders
  4 shadow imps (D:7)
  A white imp (D:6)
  A worm (D:3)
  6 dart slugs
  18 orcs
  8 ball pythons
  4 bats
  5 endoplasms
  3 giant cockroaches
  6 goblins
  7 hobgoblins
  3 quokkas
  8 frilled lizards
  8 kobolds
  6 rats
181 creatures vanquished.

Vanquished Creatures (others)
  82 plants
  9 withered plants (D:7)
91 creatures vanquished.

Grand Total: 272 creatures vanquished

Notes
Turn   | Place    | Note
-------+----------+-------------------------------------------
     0 | D:1      | HallandMoats the Ghoul Monk began the quest for the Orb.
     0 | D:1      | Reached XP level 1. HP: 19/19 MP: 0/0
   463 | D:1      | Reached XP level 2. HP: 12/26 MP: 1/1
   968 | D:1      | Reached skill level 1 in Invocations
  1491 | D:1      | Found a faded altar of an unknown god.
  1504 | D:1      | Prayed at the altar of an unknown god.
  1504 | D:1      | Became a worshipper of Ru the Awakened
  1669 | D:2      | Reached XP level 3. HP: 31/31 MP: 2/2
  1686 | D:2      | Identified the +4 dagger "Aqukken" {venom, rC+ Int-3 Dex+4}
  1905 | D:2      | Found Seffaf's Distillery.
  2424 | D:3      | Reached XP level 4. HP: 40/40 MP: 4/4
  2436 | D:3      | Noticed Sigmund
  2656 | D:3      | Killed Sigmund
  2657 | D:3      | Reached skill level 1 in Armour
  2657 | D:3      | Reached XP level 5. HP: 32/47 MP: 4/6
  2657 | D:3      | Reached XP level 6. HP: 36/53 MP: 4/7
  2767 | D:3      | Noticed Natasha
  2778 | D:3      | Killed Natasha
  3021 | D:3      | Noticed Natasha
  3037 | D:3      | Killed Natasha
  3048 | D:3      | Noticed Natasha
  3055 | D:3      | Killed Natasha
  3056 | D:3      | Reached skill level 5 in Unarmed Combat
  3079 | D:3      | Found an ornate altar of the Wu Jian Council.
  3368 | D:4      | Noticed a necrophage
  3371 | D:4      | Reached skill level 5 in Fighting
  3382 | D:4      | Killed a necrophage
  3383 | D:4      | Reached XP level 7. HP: 47/61 MP: 8/8
  4090 | D:4      | Noticed Edmund
  4103 | D:4      | Killed Edmund
  4485 | D:5      | Entered Level 5 of the Dungeon
  4656 | D:5      | Found a staircase to the Ecumenical Temple.
  4673 | D:5      | Reached XP level 8. HP: 70/70 MP: 10/10
  5034 | D:5      | Reached skill level 5 in Invocations
  5257 | D:5      | Noticed Blork the orc
  5265 | D:5      | Killed Blork the orc
  6024 | D:6      | Reached XP level 9. HP: 78/78 MP: 12/12
  6543 | D:7      | Noticed a hellwing
  6543 | D:7      | Noticed a hellwing
  7505 | D:7      | Reached skill level 5 in Dodging
  7543 | D:7      | Reached XP level 10. HP: 72/90 MP: 14/14
  8071 | D:8      | Found a staircase to the Lair.
  8492 | D:8      | Gained mutation: You are somewhat unskilled. (-1 Apt) [Ru
                  | sacrifice]
  8492 | D:8      | Reached * piety under Ru
 10186 | D:9      | Noticed Grum
 10228 | D:9      | Slain by Grum

Illustrated notes

Levels and vault maps discovered:
D:1:      roderic_crop_circles_arrival_small, layout_loops_cross,
          chequers_ecumenical_altar_simple_redux
D:2:      layout_loops_ring, serial_shops, shop_coins
D:3:      layout_basic, nicolae_overflow_squiral, uniq_sigmund, uniq_natasha
D:4:      layout_loops_ring, uniq_edmund
D:5:      layout_loops_ring, minmay_temple_entry_glassed_door,
          uniq_blork_the_orc
D:6:      layout_rooms, minmay_lizard_king
D:7:      cheibrodos_grave_circle, layout_basic
D:8:      layout_loops_ring, erik_lair_orcish_takeover, minivault_14,
          serial_bayou_pond_c, kennysheep_small_spiral,
          kennysheep_generic_room_6
D:9:      layout_grid_maze, minmay_librarian, uniq_grum

Skill      XL: |  1  2  3  4  5  6  7  8  9 10 |
---------------+-------------------------------+-----
Invocations    | 1 2 3 4 5 7 7 |  7.9
Unarmed Combat | 4 5 6 7 8 8 |  8.8
Dodging        | 3 4 5 |  5.2
Fighting       | 4 5 6 8 8 |  8.7
Armour         | 1 2 3 4 |  4.4
Stealth        | |  2.0

Action                   |  1- 3 |  4- 6 |  7- 9 | 10-12 || total
-------------------------+-------+-------+-------+-------++-------
Melee: Unarmed           |   471 |   106 |   347 |   231 ||  1155
       Punch             |    22 |     2 |    18 |    15 ||    57
Invok: Reject Sacrifices |     1 |       |       |       ||     1
       Sacrifice Skill   |       |       |       |     1 ||     1
  Use: Scroll            |       |     5 |     3 |       ||     8
       Potion            |       |       |     6 |       ||     6
 Stab: Sleeping          |     6 |       |       |       ||     6
       Distracted        |       |       |       |     1 ||     1
Armor: Robe              |    24 |     2 |       |       ||    26
       Ring mail         |       |    18 |    18 |       ||    36
       Chain mail        |       |       |   192 |    89 ||   281
Dodge: Dodged            |    96 |    55 |   249 |   118 ||   518
Block: Other             |       |       |    46 |    44 ||    90

Table legend: (Time is in decaauts)
 A = Elapsed time spent in this place.
 B = Non-inter-level travel time spent in this place.
 C = Inter-level travel time spent in this place.
 D = Time resting spent in this place.
 E = Time spent auto-exploring this place.
 F = Levels seen in this place.
 G = Mean time per level.
                   A        B        C        D        E       F      G
               +--------+--------+--------+--------+--------+-----+--------+
         Total |  10092 |   9814 |    278 |   1186 |   6360 |   9 | 1121.3 |
       Dungeon |  10092 |   9814 |    278 |   1186 |   6360 |   9 | 1121.3 |
               +--------+--------+--------+--------+--------+-----+--------+

Top non-repeatable levels by time:
     D:1: 1634 daAuts
     D:5: 1434 daAuts
     D:8: 1351 daAuts
     D:7: 1305 daAuts
     D:4: 1120 daAuts
     D:6: 1004 daAuts
     D:2: 883 daAuts
     D:3: 801 daAuts
     D:9: 556 daAuts
